 Dungeon Crawl Stone Soup version 0.25-a0-388-g41a7e55 (webtiles) character file.

Game seed: 8877638885387685024, levelgen mode: deterministic

2509 Birdy the Sneak (level 9, -9/67 HPs)
             Began as a Centaur Assassin on Jan 8, 2020.
             Was a Follower of Wu Jian.
             Mangled by an orc warrior
             ... wielding a +0 halberd
              (17 damage)
             ... on level 7 of the Dungeon.
             The game lasted 00:16:42 (6522 turns).

Birdy the Sneak (Centaur Assassin)                  Turns: 6522, Time: 00:16:42

Health: -9/67      AC:  9    Str: 15    XL:     9   Next: 28%
Magic:  9/9        EV: 11    Int: 10    God:    Wu Jian [*.....]
Gold:   212        SH:  4    Dex: 13    Spells: 8/8 levels left

rFire    . . .     SeeInvis .   u - +1 long sword (elec)
rCold    . . .     Gourm    .   (no shield)
rNeg     . . .     Faith    .   q - +0 leather armour
rPois    .         Spirit   .   (no helmet)
rElec    .         Reflect  .   c - +0 cloak
rCorr    .         Harm     .   k - +0 pair of gloves
MR       .....                  (no barding)
Stlth    +++.......             j - amulet of regeneration
HPRegen  0.61/turn              (no ring)
MPRegen  0.11/turn              (no ring)

@: very quick
A: large, hooves 3, large bone plates 1, thin metallic scales 1, deformed body,
speed 2, tough skin 3
a: Renounce Religion


You were on level 7 of the Dungeon.
You worshipped Wu Jian.
Wu Jian was aware of your devotion.
You were not hungry.

You visited 2 branches of the dungeon, and saw 8 of its levels.

You collected 399 gold pieces.
You spent 187 gold pieces at shops.

Inventory:

Hand Weapons
 a - a +2 dagger
 n - a +0 rapier
 u - a +1 long sword of electrocution (weapon)
Missiles
 d - 38 poisoned darts (quivered)
 p - 3 datura-tipped darts
Armour
 c - a +0 cloak (worn)
 k - a +0 pair of gloves (worn)
 q - a +0 leather armour (worn)
Jewellery
 j - an amulet of regeneration (around neck)
Wands
 h - a wand of iceblast (8)
 r - a wand of disintegration (10)
 v - a wand of flame (5)
Scrolls
 e - a scroll of enchant weapon
 g - 4 scrolls of remove curse
 i - a scroll of identify
Potions
 b - a potion of agility
 l - 2 potions of curing
 m - 2 potions of might
 o - a potion of invisibility
 s - 2 potions of haste
 t - a potion of heal wounds
Comestibles
 f - 9 rations
 w - 8 chunks of flesh


   Skills:
 - Level 2.0 Fighting
 - Level 5.0 Short Blades
 - Level 2.1 Throwing
 - Level 4.2 Armour
 - Level 4.1 Dodging
 * Level 6.3 Stealth


You had 8 spell levels left.
You didn't know any spells.
Your spell library contained the following spells:

 Spells                   Type           Power        Failure   Level  Hunger
 Confusing Touch          Hex            #.....       43%         1    ##.....
 Freeze                   Ice            #...         43%         1    ##.....
 Confuse                  Hex            #.......     80%         3    ####...
 Gell's Gravitas          Tloc           #.........   80%         3    ####...
 Ozocubu's Armour         Chrm/Ice       #.......     80%         3    ####...
 Hailstorm                Conj/Ice       #.......     99%         4    #####..
 Petrify                  Tmut/Erth      #.......     99%         4    #####..
 Summon Ice Beast         Ice/Summ       #.......     99%         4    #####..
 Metabolic Englaciation   Hex/Ice        #.........   100%        5    ######.
 Yara's Violent Unravell  Hex/Tmut       #.........   100%        5    ######.


Dungeon Overview and Level Annotations

Branches:
Dungeon (7/15)             Temple (1/1) D:5

Altars:
Ashenzari
Dithmenos
Fedhas
Kikubaaqudgha
Okawaru
Uskayaw
Vehumet
Wu Jian
The Shining One

Shops:
D:4 !

Annotations:
D:7 1 runed translucent door


Innate Abilities, Weirdness & Mutations

You have hooves in place of feet.
Armour fits poorly on your strangely shaped body.
You cover ground very quickly.
You have extremely tough skin. (AC +3)
You are partially covered in large bone plates. (SH +4)
You are partially covered in thin metallic scales. (AC +2)


Message History

You completely miss the orc warrior.
The orc warrior is severely wounded.
The orc warrior hits you with a +0 halberd!
You closely miss the orc warrior. Your kick misses the orc warrior.
The orc warrior is severely wounded.
The orc warrior closely misses you.
You riposte.
You hit the orc warrior but do no damage.
Your kick misses the orc warrior.
The orc warrior is severely wounded.
You hit the orc warrior.
The orc warrior is severely wounded.
The orc warrior barely misses you.
You barely miss the orc warrior.
The orc warrior is severely wounded.
The orc warrior hits you with a +0 halberd!
* * * LOW HITPOINT WARNING * * *
You hit the orc warrior. Your kick misses the orc warrior.
The orc warrior is almost dead.
The orc warrior hits you with a +0 halberd!
You die...

#####.####.....#.#
#.............##.#
#.###.#####..###.#
#.# #..###.# # #.#
#.... #.###.#
#..###
#.....#####...##
#..............##
##.##.###..@....##
#...#.##...o.....#
#..
........).....+
#.#.
........[)....#
#...
....###.......##
##.#######
##.....## ##...##
##+##


You could see an orc warrior.

Vanquished Creatures
  An orc warrior (D:7)
  A sky beast (D:6)
  2 black bears (D:6)
  4 ogres
  A phantom (D:6)
  A centaur (D:7)
  Blork the orc (D:6)
  2 bullfrogs (D:6)
  A water moccasin zombie (D:5)
  2 scorpions
  A water moccasin skeleton (D:5)
  3 howler monkeys
  2 crimson imps (D:5)
  A jelly (D:4)
  2 hounds
  A gnoll shaman (D:4)
  4 orc priests
  8 orc wizards
  3 iguanas
  6 worker ants
  A hound skeleton (D:4)
  A worker ant zombie (D:6)
  8 gnolls
  6 adders
  2 shadow imps (D:5)
  2 oozes
  2 adder skeletons
  2 adder zombies (D:5)
  6 worms
  5 dart slugs
  3 leopard geckos
  27 orcs
  5 giant cockroaches
  7 goblins
  10 hobgoblins
  11 jackals
  5 quokkas
  2 ball pythons
  6 bats
  13 frilled lizards
  A jackal skeleton (D:6)
  8 kobolds
  2 leopard gecko skeletons
  8 rats
190 creatures vanquished.

Vanquished Creatures (collateral kills)
  3 gnolls (D:4)
  An orc (D:7)
4 creatures vanquished.

Vanquished Creatures (others)
  An orc wizard (D:6)
  A gnoll (D:4)
2 creatures vanquished.

Grand Total: 196 creatures vanquished

Notes
Turn   | Place    | Note
-------+----------+-------------------------------------------
     0 | D:1      | Birdy the Centaur Assassin began the quest for the Orb.
     0 | D:1      | Reached XP level 1. HP: 17/17 MP: 1/1
    93 | D:1      | Reached skill level 1 in Dodging
    93 | D:1      | Reached XP level 2. HP: 17/24 MP: 2/2
   249 | D:1      | You fall into a shaft and drop 1 floor!
   443 | D:1      | Reached skill level 1 in Armour
   645 | D:2      | Reached XP level 3. HP: 25/29 MP: 3/3
   941 | D:2      | Reached XP level 4. HP: 34/36 MP: 4/4
  1934 | D:3      | Reached XP level 5. HP: 39/41 MP: 5/5
  2123 | D:3      | Gained mutation: You are partially covered in thin metallic
                  | scales. (AC +2) [potion of mutation]
  2123 | D:3      | Gained mutation: You are partially covered in large bone
                  | plates. (SH +4) [potion of mutation]
  2373 | D:4      | Reached XP level 6. HP: 10/48 MP: 6/6
  2774 | D:4      | Found Meiv's Distillery.
  2780 | D:4      | Bought a potion of curing for 33 gold pieces
  2780 | D:4      | Bought a potion of haste for 110 gold pieces
  2780 | D:4      | Bought a potion of agility for 44 gold pieces
  3705 | D:4      | Reached XP level 7. HP: 50/55 MP: 7/7
  3870 | D:5      | Entered Level 5 of the Dungeon
  4464 | D:5      | Found a staircase to the Ecumenical Temple.
  4666 | Temple   | Entered the Ecumenical Temple
  4676 | Temple   | Became a worshipper of the Wu Jian Council
  4946 | D:5      | Reached skill level 5 in Short Blades
  5112 | D:6      | Reached XP level 8. HP: 41/61 MP: 8/8
  5204 | D:6      | Reached skill level 3 in Stealth
  5355 | D:6      | Reached skill level 4 in Stealth
  5378 | D:6      | Reached * piety under Wu Jian
  5435 | D:6      | Reached skill level 5 in Stealth
  5647 | D:6      | Noticed Blork the orc
  5676 | D:6      | Killed Blork the orc
  5676 | D:6      | Reached XP level 9. HP: 46/67 MP: 9/9
  6414 | D:7      | Reached skill level 6 in Stealth
  6439 | D:7      | Found an iron altar of Okawaru.
  6455 | D:7      | Found a glowing golden altar of the Shining One.
  6456 | D:7      | Found a runed translucent door.
  6456 | D:7      | Noticed an angel
  6522 | D:7      | Mangled by an orc warrior

Levels and vault maps discovered:
D:1:      tarquinn_simple_flora_water_e, layout_basic
D:2:      layout_rooms, first_ration
D:3:      layout_loops_ring, minmay_lizard_king
D:4:      layout_layer_cave, serial_shops, nicolae_shop_stone, st_stairs_11
D:5:      lemuel_upstairs_altar, layout_loops_ring,
          minmay_temple_entry_nine_rooms
D:6:      layout_rooms, uniq_blork_the_orc
D:7:      layout_loops_corners, overflow_temple_1_default,
          hellmonk_ghost_happy_afterlife, lemuel_angel_altar, uniq_joseph
Temple:   compressed_dpeg_circular_temple

Skill      XL: |  1  2  3  4  5  6  7  8  9 |
---------------+----------------------------+-----
Short Blades   | 2 3 4 5 |  5.0
Dodging        | 1 2 3 4 |  4.1
Armour         | 1 2 3 4 |  4.2
Stealth        | 5 6 |  6.3
Fighting       | |  2.0
Throwing       | |  2.1

Action                   |  1- 3 |  4- 6 |  7- 9 || total
-------------------------+-------+-------+-------++-------
Melee: Dagger            |   158 |   298 |    17 ||   473
       Kick              |    23 |    62 |    75 ||   160
       Rapier            |       |       |   256 ||   256
       Long sword        |       |       |    40 ||    40
Throw: Dart              |       |    13 |    67 ||    80
Invok: Lunge             |       |       |    17 ||    17
       Whirlwind         |       |       |    16 ||    16
Evoke: Wand              |       |       |     5 ||     5
  Use: Scroll            |     2 |     7 |     2 ||    11
       Potion            |       |     2 |     3 ||     5
 Stab: Sleeping          |     1 |     2 |     2 ||     5
  Eat: Chunk             |       |     7 |     8 ||    15
Armor: Robe              |    73 |     6 |       ||    79
       Leather armour    |       |    95 |   110 ||   205
Dodge: Dodged            |    78 |   132 |   129 ||   339
Block: Other             |       |    30 |    54 ||    84
       Rpst.: Long sword |       |       |     3 ||     3

Table legend:
 A = Non-vault XP
 B = Vault XP
 C = Vault XP percentage of total XP
 D = Non-vault monster count
 E = Vault monster count
 F = Vault count percentage of total count
                 A         B        C        D         E       F
            +---------+---------+-------+---------+---------+-------
      Total |    3461 |     124 |   3.5 |     186 |       9 |   4.6
            +---------+---------+-------+---------+---------+-------
        D:1 |      33 |       0 |   0.0 |      20 |       0 |   0.0
        D:2 |      86 |       0 |   0.0 |      37 |       0 |   0.0
        D:3 |      94 |       9 |   8.7 |      24 |       7 |  22.6
        D:4 |     496 |      15 |   2.9 |      37 |       1 |   2.6
        D:5 |     631 |       0 |   0.0 |      21 |       0 |   0.0
        D:6 |    1525 |     100 |   6.2 |      33 |       1 |   2.9
        D:7 |     596 |       0 |   0.0 |      14 |       0 |   0.0
            +---------+---------+-------+---------+---------+-------
